 Dungeon Crawl Stone Soup version 0.28-a0-1233-g92def6ad0a (webtiles) character file.

Game seed: 10143410329647034168

151463 Lekart the Severer (level 17, -22/161 HPs)
             Began as a White Draconian Chaos Knight on Dec 23, 2021.
             Was a Plaything of Xom.
             Annihilated by a +7 vampiric lajatang (26 damage)
             ... on level 2 of the Elven Halls.
             The game lasted 01:20:52 (27578 turns).

Lekart the Severer (White Draconian Chaos Knight)  Turns: 27578, Time: 01:20:52

Health: -22/161    AC: 16    Str: 23    XL:     17   Next: 1%
Magic:  0/33       EV: 21    Int: 21    God:    Xom [...*..]
Gold:   4318       SH:  0    Dex: 16    Spells: 24/29 levels left

rFire   + + +      SeeInvis +   j - +7 executioner's axe of Avant Garde Expedience {chaos, +Blink Int+4 Dex-2 SInv}
rCold   + + +      Faith    .   (shield currently unavailable)
rNeg    + . .      Spirit   +   (armour unavailable)
rPois   +          Reflect  .   G - -1 hat "Wuka Zol" {+Inv Regen+ Int+6 Stlth-}
rElec   +          Harm     .   k - +1 cloak
rCorr   +          Rampage  .   o - +1 pair of gloves of the Hart {rElec Str+4}
Will    ++...      Clarity  +   (no boots)
Stlth   +.........              x - amulet of Ninerit {Spirit rN+}
HPRegen 2.76/turn               e - ring "Forget-Me-Not" {MP+9 AC+4 Str+4}
MPRegen 0.23/turn               D - ring of Jaxuis {rC++ Will+ rCorr EV+4 Int-4}

@: silenced, studying Bows
A: breathe frost, AC +9, unfitting armour, cold resistance 1, cold-blooded,
claws 1, stinger 2, talons 1, clarity, clever 1, fire resistance 3, low mp 1,
mutation resistance 1, sense surroundings 1, poison resistance, regeneration 2,
screaming 1, electricity resistance, MP-powered wands
a: Breathe Frost, Renounce Religion, Evoke Blink, Evoke Invisibility


You were on level 2 of the Elven Halls.
You worshipped Xom.
You were a favourite toy of Xom.
You visited 5 branches of the dungeon, and saw 26 of its levels.
You visited 1 bazaar.
You also visited: Gauntlet.

You collected 6408 gold pieces.
You spent 2090 gold pieces at shops.

Inventory:

Hand Weapons
 j - the +7 executioner's axe of Avant Garde Expedience (weapon) {chaos, +Blink Int+4 Dex-2 SInv}
   (Xom gifted it to you on level 4 of the Dungeon)

   Each time it hits an enemy it has a different, random effect.
   Int:       It affects your intelligence (+4).
   Dex:       It affects your dexterity (-2).
   SInv:      It lets you see invisible.
   +Blink:    It lets you blink.
 A - the +9 fustibalus "Umpyppaysi" {speed, rC+ Str+4 Dex+2}
   (You took it off a minotaur in a Gauntlet)

   Attacks with this weapon are significantly faster.
   Str:       It affects your strength (+4).
   Dex:       It affects your dexterity (+2).
   rC:        It protects you from cold.
 B - a +3 scimitar of flaming
 J - a +7 longbow of venom
Missiles
 n - 755 arrows
 w - 2 throwing nets (quivered)
Armour
 k - a +1 cloak (worn)
 o - the +1 pair of gloves of the Hart (worn) {rElec Str+4}
   (You acquired it in a Gauntlet)

   Str:       It affects your strength (+4).
   rElec:     It insulates you from electricity.
 G - the -1 hat "Wuka Zol" (worn) {+Inv Regen+ Int+6 Stlth-}
   (Xom gifted it to you on level 2 of the Lair of Beasts)

   Int:       It affects your intelligence (+6).
   +Inv:      It lets you turn invisible.
   Regen:     It increases your rate of health regeneration.
   Stlth:     It makes you less stealthy.
Jewellery
 e - the ring "Forget-Me-Not" (left hand) {MP+9 AC+4 Str+4}
   (You acquired it on level 2 of the Dungeon)

   [ring of protection]

   AC:        It affects your AC (+4).
   Str:       It affects your strength (+4).
   MP:        It affects your magic capacity (+9).
 x - the amulet of Ninerit (around neck) {Spirit rN+}
   (You found it in a Gauntlet)

   [amulet of guardian spirit]

   It causes incoming damage to be divided between your reserves of health and
   magic.
   rN:        It protects you from negative energy.
 D - the ring of Jaxuis (right hand) {rC++ Will+ rCorr EV+4 Int-4}
   (You bought it in a shop on level 10 of the Dungeon)

   [ring of evasion]

   EV:        It affects your evasion (+4).
   Int:       It affects your intelligence (-4).
   rC:        It greatly protects you from cold.
   rCorr:     It protects you from acid and corrosion.
   Will:      It increases your willpower.
 P - the ring "Rovvofo" {Fly rPois}
   (Xom gifted it to you on level 15 of the Dungeon)

   [ring of flight]

   rPois:     It protects you from poison.
   Fly:       It grants you flight.
 S - a +4 ring of evasion
Wands
 f - a wand of iceblast (12)
 m - a wand of flame (35)
 r - a wand of paralysis (3)
 u - a wand of digging (5)
 y - a wand of charming (16)
 C - a wand of polymorph (4)
 N - a wand of acid (3)
Scrolls
 l - 3 scrolls of fear
 p - 2 scrolls of enchant armour
 q - 4 scrolls of fog
 s - 5 scrolls of teleportation
 z - 7 scrolls of identify
 E - 3 scrolls of magic mapping
 I - 2 scrolls of amnesia
 O - a scroll of holy word
 Q - a scroll of blinking
Potions
 a - 4 potions of mutation
 b - 7 potions of curing
 c - 2 potions of cancellation
 i - a potion of resistance
 t - 4 potions of brilliance
 F - a potion of might
 K - 3 potions of attraction
 L - 5 potions of haste
 M - 2 potions of flight
Miscellaneous
 d - a phantom mirror
 g - a condenser vane
 v - a box of beasts
 H - a lightning rod (4/4)


   Skills:
 + Level 17.0 Fighting
 + Level 0.2(0.6) Short Blades
 + Level 1.0 Long Blades
 + Level 18.9 Axes
 + Level 11.9 Bows
 + Level 10.1 Dodging
 - Level 5.2 Stealth
 * Level 6.5 Spellcasting
 * Level 6.3 Hexes
 * Level 7.1 Air Magic
 * Level 8.4 Evocations


You had 24 spell levels left.
You knew the following spells:

 Your Spells              Type           Power      Damage    Failure   Level
a - Silence               Hex/Air        17%        N/A       16%         5

Your spell library contained the following spells:

 Spells                   Type           Power      Damage    Failure   Level
 Slow                     Hex            100%       N/A       1%          1
 Confusing Touch          Hex            33%        N/A       1%          3
 Swiftness                Air            37%        N/A       1%          3
 Dazzling Flash           Conj/Hex       40%        N/A       8%          3
 Portal Projectile        Hex/Tloc       40%        N/A       8%          3
 Summon Guardian Golem    Hex/Summ       20%        N/A       8%          3
 Apportation              Tloc           12%        N/A       10%         1
 Magic Dart               Conj           24%        1d4       10%         1
 Pain                     Necr           24%        1d5       10%         1
 Mephitic Cloud           Conj/Pois/Air  16%        N/A       11%         3
 Blink                    Tloc           12%        N/A       14%         2
 Call Imp                 Summ           6%         N/A       14%         2
 Searing Ray              Conj           12%        2d4       14%         2
 Fulminant Prism          Conj/Hex       10%        3d9       26%         4
 Frozen Ramparts          Ice            12%        1d3       28%         3
 Gell's Gravitas          Tloc           6%         N/A       28%         3
 Lesser Beckoning         Tloc           6%         N/A       28%         3
 Teleport Other           Tloc           6%         N/A       28%         3
 Vampiric Draining        Necr           6%         2d6       28%         3
 Ice Form                 Ice/Tmut       6%         N/A       67%         4
 Petrify                  Tmut/Erth      6%         N/A       67%         4
 Summon Ice Beast         Ice/Summ       6%         N/A       67%         4
 Agony                    Necr           6%         N/A       95%         5
 Alistair's Intoxication  Tmut/Pois      4%         N/A       95%         5
 Blade Hands              Tmut           3%         N/A       95%         5
 Excruciating Wounds      Necr           3%         N/A       95%         5
 Fireball                 Conj/Fire      3%         3d4       95%         5
 Iskenderun's Battlesphe  Conj           6%         2d6       95%         5
 Manifold Assault         Tloc           6%         N/A       95%         5
 Conjure Ball Lightning   Conj/Air       10%        3x3d6     97%         6
 Statue Form              Tmut/Erth      4%         N/A       100%        6
 Orb of Destruction       Conj           3%         9d1       100%        7
 Spellforged Servitor     Conj/Summ      3%         N/A       100%        7
 Maxwell's Capacitive Co  Air            18%        ∞         100%        8
 Necromutation            Tmut/Necr      3%         N/A       100%        8
 Summon Horrible Things   Summ           3%         N/A       100%        8


Dungeon Overview and Level Annotations

Branches:
Dungeon (15/15)            Temple (1/1) D:4            Lair (6/6) D:8
 Shoals (0/4) Lair:2        Slime (0/5) Lair:6          Orc (2/2) D:12
    Elf (2/3) Orc:2        Vaults (0/5) D:13         Depths (0/4) D:15
Gauntlet (visited)
  Snake: Lair:2-4    Spider: Lair:2-4

Altars:
Ashenzari
Cheibriados
Dithmenos
Elyvilon
Fedhas
Gozag
Hepliaklqana
Kikubaaqudgha
Makhleb
Nemelex Xobeh
Okawaru
Qazlal
Ru
Sif Muna
Trog
Uskayaw
Vehumet
Wu Jian
Xom
Yredelemnul
Zin
The Shining One
Beogh

Shops:
D:10 =   Orc:2 [(:*

Annotations:
D:4 exclusion: downstairs


Innate Abilities, Weirdness & Mutations

You can breathe waves of freezing cold which knock back foes.
Your icy white scales are hard. (AC +9)
You cannot fit into any form of body armour.
Your flesh is cold resistant. (rC+)
You are cold-blooded and may be slowed by cold attacks.
You have sharp fingernails.
Your tail ends in a sharp venomous barb.
You have sharp toenails.
You possess an exceptional clarity of mind.
Your mind is acute. (Int +2)
Your flesh is almost immune to the effects of heat. (rF+++)
Your magical capacity is low. (-10% MP)
You are somewhat resistant to further mutation.
You passively map a small area around you.
Your system is resistant to poisons. (rPois)
You heal very quickly.
You occasionally shout uncontrollably at your foes.
You are resistant to electric shocks. (rElec)
You expend magic power (3 MP) to strengthen your wands.


Message History

You closely miss the deep elf knight.
The deep elf knight completely misses you.
The deep elf knight shoots an arrow.
The arrow barely misses you.
You closely miss the deep elf knight. You claw the deep elf knight.
You tail-slap the deep elf knight.
You kill the deep elf knight!
The +7 vampiric lajatang closely misses you.
The deep elf knight shoots an arrow.
The arrow completely misses you.
Your Fighting skill increases to level 17!
You have reached level 17!
You slash the +7 vampiric lajatang!
The +7 vampiric lajatang is unaffected.
Your kick misses the +7 vampiric lajatang.
The +7 vampiric lajatang is heavily damaged.
The +7 vampiric lajatang hits you but does no damage.
The deep elf knight shoots an arrow.
The arrow barely misses you.
You hit the +7 vampiric lajatang but do no damage.
Your kick misses the +7 vampiric lajatang.
You tail-slap the +7 vampiric lajatang, but do no damage.
The +7 vampiric lajatang is heavily damaged.
The +7 vampiric lajatang hits you!!
* * * LOW HITPOINT WARNING * * *
The +7 vampiric lajatang draws strength from your wounds!
The +7 vampiric lajatang hits you.
* * * LOW HITPOINT WARNING * * *
The +7 vampiric lajatang draws strength from your wounds!
The deep elf knight shoots an arrow.
The arrow barely misses you.
You slice the +7 vampiric lajatang!! You burn the +7 vampiric lajatang.
Your kick misses the +7 vampiric lajatang.
You tail-slap the +7 vampiric lajatang.
The +7 vampiric lajatang is almost destroyed.
The +7 vampiric lajatang hits you!!
* * * LOW HITPOINT WARNING * * *
The +7 vampiric lajatang draws strength from your wounds!
The deep elf knight shoots an arrow.
The arrow hits you!
* * * LOW HITPOINT WARNING * * *
You feel much better. The +7 vampiric lajatang hits you!!!
* * * LOW HITPOINT WARNING * * *
The +7 vampiric lajatang hits you!!
You die...
Xom laughs nastily!

* , , .. .....# #......
...
......##................
, ,
........................
........................
#.......................
#.............#.........
* #...e(......#
#........ ,
#.....@....## ##.......
#.....)).....###........
.........)....#.........
........................
.##...##...##...##.....#
, *##.#
##.####.####...## * * ##
### ### #####


You could see a deep elf knight and a +7 vampiric lajatang.

Vanquished Creatures
  A deep elf blademaster (Elf:2)
  An orc warlord (Orc:2)
  A ghost moth (D:13)
  A minotaur (Gauntlet)
  Azrael (D:13)
  An ettin (D:13)
  2 deep elf death magi
  Josephine (D:15)
  Snorg (D:12)
  A fire dragon (Lair:6)
  2 ogre magi
  3 boulder beetles
  2 catoblepae
  Erolcha (D:9)
  10 hydras
  A death knight (D:13)
  6 centaur warriors
  14 dancing weapons
  11 two-headed ogres
  A vampire mage (D:15)
  A tengu warrior (D:12)
  2 orc high priests (Orc:2)
  A fire crab (Gauntlet)
  4 slime creatures
  12 deep elf knights
  3 skeletal warriors
  A fire crab (shapeshifter) (D:12)
  7 deep elf archers
  4 lindwurms
  A wizard (D:15)
  An obsidian statue (Gauntlet)
  A phantasmal warrior (D:14)
  7 orc knights
  An orange crystal statue (Elf:1)
  An orb spider (D:13)
  3 orc sorcerers
  4 necromancers
  24 deep elf zephyrmancers
  17 deep elf pyromancers
  7 ugly things
  An iron dragon skeleton (D:15)
  5 manticores
  4 elephants (Lair:6)
  4 cyclopes
  A stone giant zombie (D:15)
  6 torpor snails (Lair:6)
  8 black mambas
  An ice statue (Gauntlet)
  A cane toad (shapeshifter) (D:14)
  11 cane toads
  12 rime drakes
  10 komodo dragons
  An efreet (D:13)
  2 freezing wraiths (D:15)
  A komodo dragon (shapeshifter) (D:13)
  5 trolls
  3 tyrant leeches (Lair:6)
  A troll (shapeshifter) (D:13)
  17 blink frogs
  A queen bee (shapeshifter) (Elf:1)
  10 hornets
  10 polar bears (Lair:6)
  Grinder (D:3)
  A raiju (Lair:6)
  A spriggan zombie (D:15)
  An ettin skeleton (D:15)
  Sigmund (D:2)
  A centaur simulacrum (D:14)
  A spriggan (Lair:2)
  A water elemental (Elf:1)
  65 yaks
  5 wyverns
  A tarantella (D:11)
  A vampire (D:11)
  3 shadows
  6 wraiths
  A fire elemental (D:13)
  3 fire bats (Gauntlet)
  4 vampire mosquitoes (D:9)
  6 basilisks
  10 steam dragons
  2 large abominations (Elf:1)
  6 wargs
  2 acid dragons
  21 water moccasins
  22 hell hounds
  31 orc warriors
  A floating eye (Orc:1)
  16 black bears
  11 ogres
  13 wolves (Lair:6)
  18 centaurs
  3 elf zombies (Elf:1)
  Blork the orc (D:6)
  3 kobold brigands
  18 bullfrogs
  A scorpion (D:6)
  3 gnoll sergeants
  A water moccasin skeleton (D:4)
  A wyvern skeleton (D:7)
  11 killer bees
  13 wights
  An electric eel (Lair:1)
  6 howler monkeys
  5 centaur zombies
  A bullfrog zombie (D:5)
  A bullfrog skeleton (D:5)
  5 jellies
  A hound (D:3)
  A gnoll shaman (D:5)
  19 orc priests
  2 iguanas (D:6)
  Natasha (twice) (D:3)
  27 orc wizards
  6 hell rats
  2 howler monkey zombies
  13 gnolls
  A howler monkey skeleton (D:6)
  9 adders
  A river rat (D:3)
  2 shadow imps
  A white imp (D:6)
  An adder skeleton (D:4)
  5 worms
  5 dart slugs
  79 orcs
  9 endoplasms
  5 giant cockroaches
  4 goblins (D:4)
  5 hobgoblins
  8 jackals
  27 kobolds
  5 quokkas
  5 ball pythons
  9 bats
  5 frilled lizards
  11 rats
879 creatures vanquished.

Vanquished Creatures (collateral kills)
  A hydra (Lair:1)
  A two-headed ogre (D:15)
  A deep elf archer (Elf:2)
  2 ugly things (D:15)
  A deep elf pyromancer (Elf:2)
  A large abomination (Elf:1)
  A water moccasin (Lair:1)
  2 ogres (D:15)
  An elf zombie (Elf:1)
  A gnoll (D:5)
  An adder (D:4)
  An orc (Orc:2)
14 creatures vanquished.

Vanquished Creatures (others)
  Agnes (D:15)
  A deep elf archer (Elf:2)
  An ogre (D:15)
  4 killer bees (D:7)
  A quokka (D:11)
  63 fungi
  103 plants
  14 withered plants (D:15)
188 creatures vanquished.

Grand Total: 1081 creatures vanquished

Notes
Turn   | Place    | Note
-------+----------+-------------------------------------------
     0 | D:1      | Lekart the Draconian Chaos Knight began the quest for the
                  | Orb.
     0 | D:1      | Reached XP level 1. HP: 19/19 MP: 1/1
   147 | D:1      | Reached XP level 2. HP: 27/27 MP: 2/2
   453 | D:1      | XOM: cast spell 'Summon Small Mammal'
   529 | D:1      | Found a faded altar of an unknown god.
   678 | D:1      | Reached XP level 3. HP: 33/33 MP: 3/3
  1378 | D:2      | XOM: potion effect (brilliance)
  1381 | D:2      | Reached XP level 4. HP: 37/40 MP: 4/4
  1458 | D:2      | Noticed Sigmund
  1827 | D:2      | Noticed a centaur
  1827 | D:2      | a worm changed into a centaur
  1833 | D:2      | Killed a centaur
  1834 | D:2      | Reached skill level 4 in Axes
  1834 | D:2      | Reached XP level 5. HP: 29/47 MP: 5/5
  1835 | D:2      | Identified a scroll of acquirement
  1838 | D:2      | Killed Sigmund
  1839 | D:2      | Reached skill level 5 in Axes
  1839 | D:2      | Reached skill level 1 in Stealth
  1839 | D:2      | Reached XP level 6. HP: 25/53 MP: 6/6
  1839 | D:2      | Acquired the ring "Forget-Me-Not" {MP+9 AC+4 Str+4}
  2148 | D:2      | XOM: silly message
  2401 | D:3      | Noticed Grinder
  2718 | D:3      | Noticed Natasha
  2735 | D:3      | XOM: give mutation
  2735 | D:3      | Gained mutation: You are dopey. (Int -2) [Xom's mischief]
  2736 | D:3      | Killed Natasha
  2762 | D:3      | Found a glowing silver altar of Zin.
  2883 | D:3      | XOM: give mutations
  2883 | D:3      | Gained mutation: You passively map a small area around you.
                  | [Xom's mischief]
  2883 | D:3      | Gained mutation: You occasionally shout uncontrollably at
                  | your foes. [Xom's mischief]
  2883 | D:3      | Gained mutation: Your magical capacity is low. (-10% MP)
                  | [Xom's mischief]
  2892 | D:3      | Noticed Natasha
  2899 | D:3      | Killed Natasha
  2923 | D:3      | Paralysed by Grinder for 7 turns
  2934 | D:3      | XOM: draining
  2934 | D:3      | Paralysed by Grinder for 4 turns
  2935 | D:3      | XOM: divination: detect creatures
  2938 | D:3      | XOM: enchant monster (good)
  2945 | D:3      | Killed Grinder
  2946 | D:3      | Reached skill level 5 in Fighting
  2946 | D:3      | Reached skill level 6 in Axes
  2946 | D:3      | Your scales start taking on an icy white colour.
  2946 | D:3      | Reached XP level 7. HP: 22/61 MP: 6/6
  2946 | D:3      | Gained mutation: Your flesh is cold resistant. (rC+) [White
                  | Draconian growth]
  2980 | D:3      | Noticed Natasha
  2983 | D:3      | Noticed Natasha
  2983 | D:3      | Natasha changed into Natasha the hound
  2983 | D:3      | XOM: polymorph Natasha -> Natasha the hound
  3102 | D:4      | XOM: 3-stop teleportation journey
  3103 | D:4      | Found a staircase to the Ecumenical Temple.
  3109 | Temple   | Entered the Ecumenical Temple
  3232 | Temple   | XOM: give mutations
  3232 | Temple   | Gained mutation: Your flesh is very cold resistant. (rC++)
                  | [Xom's grace]
  3232 | Temple   | Gained mutation: You possess an exceptional clarity of
                  | mind. [Xom's grace]
  3232 | Temple   | Gained mutation: Your natural rate of healing is unusually
                  | fast. [Xom's grace]
  3316 | D:4      | XOM: cast spell 'Summon Small Mammal'
  3410 | D:4      | Identified the +7 executioner's axe of Avant Garde
                  | Expedience {flame, +Blink Int+4 Dex-2 SInv} (Xom gifted it
                  | to you on level 4 of the Dungeon)
  3410 | D:4      | XOM: god gift: +7 executioner's axe of Avant Garde
                  | Expedience {chaos, +Blink Int+4 Dex-2 SInv}
  3442 | D:4      | Found a glowing golden altar of the Shining One.
  3546 | D:4      | XOM: chaos cloud
  3572 | D:4      | XOM: polymorph kobold brigand -> bullfrog
  3719 | D:4      | Found an iron altar of Okawaru.
  3800 | D:4      | XOM: give mutations
  3800 | D:4      | Gained mutation: You have large cloven feet. [Xom's grace]
  3800 | D:4      | Gained mutation: You expend magic power (3 MP) to
                  | strengthen your wands. [Xom's grace]
  3800 | D:4      | Gained mutation: Your flesh is heat resistant. (rF+) [Xom's
                  | grace]
  3830 | D:5      | Entered Level 5 of the Dungeon
  3843 | D:5      | Reached skill level 7 in Axes
  3901 | D:5      | Noticed a yak
  3903 | D:5      | Noticed a yak
  3903 | D:5      | Noticed a yak
  3903 | D:5      | Noticed a yak
  3903 | D:5      | Noticed a yak
  3904 | D:5      | Noticed a yak
  3909 | D:5      | Killed a yak
  3910 | D:5      | Reached XP level 8. HP: 63/70 MP: 7/7
  3917 | D:5      | Reached skill level 8 in Axes
  3922 | D:5      | Noticed a shapeshifter
  3922 | D:5      | a yak changed into a shapeshifter
  3922 | D:5      | XOM: polymorph yak -> shapeshifter
  3922 | D:5      | a shapeshifter changed into a basilisk
  3929 | D:5      | XOM: scenery: summon butterflies
  3933 | D:5      | Noticed a cane toad
  3933 | D:5      | a basilisk changed into a cane toad
  3985 | D:3      | Killed Natasha the hound
  4565 | D:5      | XOM: god gift: 23 gold pieces
  4665 | D:5      | Reached skill level 9 in Axes
  4669 | D:5      | Reached XP level 9. HP: 67/77 MP: 8/8
  4789 | D:6      | Noticed Blork the orc
  4795 | D:6      | Killed Blork the orc
  5429 | D:6      | XOM: stat loss: -1 Dex (12/13)
  5435 | D:6      | Reached skill level 10 in Axes
  5857 | D:6      | XOM: give mutation
  5857 | D:6      | Gained mutation: Your tail ends in a venomous barb. [Xom's
                  | grace]
  5910 | D:6      | XOM: scenery: summon butterflies
  6020 | D:7      | XOM: smoke on damage
  6024 | D:7      | Reached skill level 5 in Dodging
  6072 | D:7      | XOM: divine lightning
  6154 | D:7      | Acquired 710 gold pieces
  6284 | D:7      | Reached skill level 11 in Axes
  6291 | D:7      | XOM: scenery: summon butterflies
  6640 | D:8      | Found a staircase to the Lair.
  6781 | D:8      | XOM: summons 4 friendly demons
  6831 | D:8      | Noticed a moth of wrath
  6833 | D:8      | Found a bloodstained altar of Trog.
  6842 | D:8      | XOM: divination: detect items
  6849 | D:8      | XOM: cleaving
  6894 | D:8      | Reached XP level 10. HP: 88/88 MP: 9/9
  6911 | D:8      | XOM: divination: detect creatures
  6994 | D:8      | Found a hide-covered altar of Uskayaw.
  6994 | D:8      | Found a basalt altar of Yredelemnul.
  7102 | D:8      | XOM: divination: magic mapping
  7339 | D:9      | Noticed Erolcha
  7346 | D:9      | Killed Erolcha
  7347 | D:9      | Reached skill level 12 in Axes
  7451 | D:9      | Acquired 731 gold pieces
  7469 | D:9      | XOM: 7-stop teleportation journey
  7589 | D:9      | Found an ornate altar of the Wu Jian Council.
  7632 | D:9      | XOM: give mutations
  7632 | D:9      | Gained mutation: You are resistant to electric shocks.
                  | (rElec) [Xom's grace]
  7632 | D:9      | Lost mutation: You have large cloven feet. [Xom's grace]
  7632 | D:9      | Gained mutation: You have sharp toenails. [Xom's grace]
  7684 | D:9      | XOM: potion effect (curing)
  7773 | D:9      | XOM: divination: detect items
  7794 | D:9      | Reached skill level 13 in Axes
  8217 | D:10     | Entered Level 10 of the Dungeon
  8248 | D:10     | Noticed a two-headed ogre
  8253 | D:10     | XOM: silly message
  8256 | D:10     | Killed a two-headed ogre
  8361 | D:10     | Reached XP level 11. HP: 97/97 MP: 9/9
  8395 | D:10     | XOM: silly message
  8412 | D:10     | XOM: divination: detect items
  8570 | D:10     | Found Katefoemp's Jewellery Emporium.
  8581 | D:10     | Bought the ring of Jaxuis {rC++ Will+ rCorr EV+4 Int-4} for
                  | 949 gold pieces
  8724 | D:10     | Noticed a two-headed ogre
  8732 | D:10     | Killed a two-headed ogre
  8737 | D:10     | XOM: give mutations
  8737 | D:10     | Gained mutation: You are weak. (Str -2) [Xom's mischief]
  8737 | D:10     | Gained mutation: Your body sometimes deteriorates upon
                  | taking damage. [Xom's mischief]
  8939 | D:11     | Found a white marble altar of Elyvilon.
  8940 | D:11     | Noticed a two-headed ogre
  8949 | D:11     | Killed a two-headed ogre
  8953 | D:11     | Noticed Harold
  9081 | D:11     | XOM: divination: magic mapping
  9087 | D:11     | XOM: 1-stop teleportation journey
  9089 | D:11     | Noticed Harold
  9089 | D:11     | Harold changed into Harold the tarantella
  9095 | D:11     | Killed Harold the tarantella
  9096 | D:11     | Reached skill level 14 in Axes
  9098 | D:11     | Noticed a centaur warrior
  9100 | D:11     | XOM: noise
  9243 | D:10     | Acquired a manual of Fighting
  9245 | D:10     | Acquired 1231 gold pieces
  9267 | D:11     | Killed a centaur warrior
  9486 | D:11     | Reached skill level 10 in Fighting
  9541 | D:11     | Identified the +8 halberd "Pofaj" {vorpal, Dex+8}
  9763 | D:11     | Noticed a boulder beetle
  9775 | D:11     | XOM: cleaving
  9783 | D:11     | Killed a boulder beetle
  9784 | D:11     | HP: 4/101 [centaur/arrow (4)]
  9906 | D:11     | Reached skill level 15 in Axes
 10209 | D:11     | Identified the +7 quarterstaff of Nyturaxu {antimagic,
                  | Stlth+} (Xom gifted it to you on level 11 of the Dungeon)
 10209 | D:11     | XOM: god gift: +7 quarterstaff of Nyturaxu {chaos, Stlth+}
 10314 | D:12     | Noticed a red ugly thing
 10322 | D:12     | Killed a red ugly thing
 10407 | D:13     | Noticed Rupert
 10412 | D:13     | Noticed Rupert
 10412 | D:13     | Rupert changed into Rupert the sphinx
 10412 | D:13     | XOM: polymorph Rupert -> Rupert the sphinx
 10419 | D:13     | Found a gate to the Vaults.
 10421 | D:13     | XOM: summons friendly ufetubus
 10473 | D:13     | Noticed an ettin
 10474 | D:13     | Noticed a lindwurm
 10474 | D:13     | Noticed a necromancer
 10476 | D:13     | Killed an ettin
 10476 | D:13     | XOM: summons friendly iron imp
 10481 | D:13     | Killed a necromancer
 10482 | D:13     | Reached XP level 12. HP: 95/110 MP: 10/10
 10534 | D:13     | Found a gate leading to a gauntlet.
 10537 | D:13     | Noticed a centaur warrior
 10538 | D:13     | Noticed Urug
 10548 | Gauntlet | Entered a Gauntlet
 10548 | Gauntlet | Found a transporter.
 10548 | Gauntlet | Found a transporter.
 10626 | Gauntlet | XOM: divination: detect creatures
 10635 | Gauntlet | Found a transporter.
 10648 | Gauntlet | Found a transporter.
 10664 | Gauntlet | Found a transporter.
 10676 | Gauntlet | Found a transporter.
 10692 | Gauntlet | Found a transporter.
 10758 | Gauntlet | Found a transporter.
 10773 | Gauntlet | Found a transporter.
 10775 | Gauntlet | Noticed a green death
 10793 | Gauntlet | Found a transporter.
 10800 | Gauntlet | Found a transporter.
 10883 | Gauntlet | Found a transporter.
 10893 | Gauntlet | Found a transporter.
 10902 | Gauntlet | Found a transporter.
 10904 | Gauntlet | Found a transporter.
 10938 | Gauntlet | Found a transporter.
 11163 | Gauntlet | Identified the +3 barding of the Pits of Slime {Harm rF+
                  | Str+2 Stlth+}
 11238 | Gauntlet | Identified the amulet of Ninerit {Spirit rN+}
 11268 | Gauntlet | Identified the +9 fustibalus "Umpyppaysi" {speed, rC+ Str+4
                  | Dex+2}
 11268 | Gauntlet | Noticed a minotaur
 11278 | Gauntlet | Killed a minotaur
 11279 | Gauntlet | Reached skill level 5 in Stealth
 11315 | Gauntlet | Identified the +3 rapier of Inquiry {vamp, MP+9 Str+3}
 11322 | Gauntlet | Acquired the +1 pair of gloves of the Hart {rElec Str+4}
 11341 | D:13     | Killed a centaur warrior
 11342 | D:13     | Reached skill level 16 in Axes
 11350 | D:13     | Noticed Urug
 11350 | D:13     | Urug changed into Urug the orb spider
 11362 | D:13     | Killed Urug the orb spider
 11387 | D:13     | XOM: divination: detect creatures
 11435 | D:13     | Noticed a four-headed hydra
 11458 | D:13     | Killed a four-headed hydra
 11552 | D:13     | XOM: summons 4 hostile demons
 11713 | D:13     | Noticed a four-headed hydra
 11737 | D:13     | Killed a four-headed hydra
 11738 | D:13     | Reached skill level 1 in Bows
 11804 | D:13     | XOM: chaos cloud
 11811 | D:13     | Paralysed by you for 7 turns
 11839 | D:13     | Noticed Azrael
 11996 | D:13     | Noticed a centaur warrior
 12001 | D:13     | Killed a centaur warrior
 12001 | D:13     | Noticed a boulder beetle
 12007 | D:13     | Killed a boulder beetle
 12020 | D:13     | Noticed a boulder beetle
 12037 | D:13     | Noticed a ghost moth
 12037 | D:13     | a boulder beetle changed into a ghost moth
 12037 | D:13     | XOM: polymorph boulder beetle -> ghost moth
 12040 | D:13     | XOM: scenery: create altars
 12042 | D:13     | Noticed a centaur warrior
 12043 | D:13     | Killed a ghost moth
 12181 | D:13     | Killed a centaur warrior
 12182 | D:13     | Reached XP level 13. HP: 92/122 MP: 0/11
 12202 | D:13     | XOM: draining
 12306 | D:13     | XOM: swap monsters
 12311 | D:13     | Killed Azrael
 12312 | D:13     | Reached skill level 1 in Evocations
 12325 | D:13     | Noticed Rupert
 12325 | D:13     | Rupert the sphinx changed into Rupert the glowing
                  | shapeshifter
 12325 | D:13     | XOM: polymorph Rupert the sphinx -> Rupert the glowing
                  | shapeshifter
 12325 | D:13     | Noticed Rupert
 12325 | D:13     | Rupert the glowing shapeshifter changed into Rupert the
                  | lindwurm
 12326 | D:13     | Noticed Rupert
 12326 | D:13     | Rupert the lindwurm changed into Rupert the fire crab
 12327 | D:13     | XOM: swap monsters
 12331 | D:13     | Noticed Rupert
 12331 | D:13     | Rupert the fire crab changed into Rupert the komodo dragon
 12332 | D:13     | Killed Rupert the komodo dragon
 12686 | D:12     | Lost mutation: Your body sometimes deteriorates upon taking
                  | damage. [potion of mutation]
 12686 | D:12     | Lost mutation: Your flesh is very cold resistant. (rC++)
                  | [potion of mutation]
 12686 | D:12     | Lost mutation: You are dopey. (Int -2) [potion of mutation]
 12686 | D:12     | Gained mutation: Your system is resistant to poisons.
                  | (rPois) [potion of mutation]
 12805 | D:8      | XOM: torment (75/121 hp)
 12854 | Lair:1   | Entered Level 1 of the Lair of Beasts
 12906 | Lair:1   | XOM: blink monster(s)
 12907 | Lair:1   | XOM: god gift: wand of polymorph (4)
 13052 | Lair:1   | XOM: summons friendly quasit
 13478 | Lair:1   | Reached skill level 5 in Bows
 13508 | Lair:1   | XOM: scenery: summon butterflies
 13535 | Lair:1   | XOM: fog
 13537 | Lair:1   | XOM: cast spell 'Monstrous Menagerie'
 13847 | Lair:2   | XOM: summons 7 hostile demons
 13979 | Lair:2   | Identified the -1 hat "Wuka Zol" {+Inv Regen+ Int+6 Stlth-}
                  | (Xom gifted it to you on level 2 of the Lair of Beasts)
 13979 | Lair:2   | XOM: god gift: -1 hat "Wuka Zol" {+Inv Regen+ Int+6 Stlth-}
 14042 | Lair:2   | XOM: divination: detect creatures
 14246 | Lair:2   | XOM: polymorph rime drake -> spriggan
 14620 | Lair:2   | XOM: smoke on damage
 14628 | Lair:2   | XOM: enchant monster (bad)
 14685 | Lair:2   | XOM: stat loss: -1 Dex (12/13)
 14764 | Lair:2   | Found a staircase to the Shoals.
 14849 | Lair:2   | XOM: god gift: wand of iceblast (5)
 14850 | Lair:2   | XOM: enchant monster (bad)
 15061 | Lair:2   | Reached skill level 17 in Axes
 15160 | Lair:2   | XOM: cloud trail
 15175 | Lair:2   | XOM: destruction
 15363 | Lair:2   | XOM: scenery: 1 fountains blood, 2 doors close
 15709 | Lair:3   | XOM: cast spell 'Dispersal'
 15760 | Lair:3   | Reached XP level 14. HP: 133/133 MP: 12/12
 15813 | Lair:3   | You fall into a shaft and drop 1 floor!
 15823 | Lair:4   | Reached skill level 15 in Fighting
 15890 | Lair:4   | Learned a level 5 spell: Silence
 16396 | Lair:4   | XOM: cloud trail
 16748 | Lair:4   | XOM: silly message
 16761 | Lair:5   | Reached skill level 1 in Hexes
 16781 | Lair:5   | Reached skill level 1 in Spellcasting
 16781 | Lair:5   | Reached skill level 1 in Air Magic
 16816 | Lair:5   | XOM: silly message
 16832 | Lair:5   | XOM: potion effect (magic)
 16835 | Lair:5   | XOM: potion effect (invisibility)
 17430 | Lair:5   | XOM: divination: detect creatures
 17468 | Lair:5   | Acquired a manual of Bows
 17491 | Lair:6   | Entered Level 6 of the Lair of Beasts
 17622 | Lair:6   | XOM: potion effect (brilliance)
 17639 | Lair:6   | XOM: smoke on damage
 17701 | Lair:6   | Reached skill level 5 in Evocations
 17717 | Lair:6   | XOM: silly message
 17718 | Lair:6   | XOM: potion effect (brilliance)
 17740 | Lair:6   | XOM: potion effect (invisibility)
 17765 | Lair:6   | Reached skill level 1 in Long Blades
 17927 | Lair:6   | XOM: potion effect (invisibility)
 18161 | Lair:6   | XOM: potion effect (invisibility)
 18333 | Lair:6   | XOM: silly message
 18419 | Lair:6   | Found a staircase to the Slime Pits.
 18428 | Lair:6   | XOM: potion effect (haste)
 18430 | Lair:6   | XOM: silly message
 18837 | Lair:6   | XOM: potion effect (brilliance)
 18847 | Lair:6   | Found a runed translucent door.
 18888 | Lair:6   | XOM: potion effect (berserk rage)
 18892 | Lair:6   | Reached skill level 10 in Bows
 19072 | Lair:6   | XOM: noise
 19369 | Lair:6   | Reached XP level 15. HP: 143/143 MP: 18/18
 20036 | D:12     | XOM: cast spell 'Call Canine Familiar'
 20041 | D:12     | XOM: enchant monster (good)
 20371 | D:12     | Found a staircase to the Orcish Mines.
 20409 | Orc:1    | Entered Level 1 of the Orcish Mines
 20751 | Orc:2    | Entered Level 2 of the Orcish Mines
 20751 | Orc:2    | Found Qafy's Antique Weapon Emporium.
 20751 | Orc:2    | Found Isemeff's Book Shoppe.
 20762 | Orc:1    | XOM: scenery: summon butterflies
 20878 | Orc:2    | XOM: 1-stop teleportation journey
 20914 | Orc:2    | XOM: divination: detect creatures
 20948 | Orc:2    | XOM: noise
 20949 | Orc:2    | XOM: confuse monster(s)
 20965 | Orc:2    | HP: 3/144 [orc knight (31)]
 20966 | Orc:2    | HP: 1/144 [orc high priest (4)]
 20980 | Orc:2    | Found Sowno's Antique Armour Shop.
 21268 | Orc:2    | XOM: swap monsters
 21302 | Orc:2    | XOM: summons friendly ufetubus
 21303 | Orc:2    | XOM: summons 4 friendly demons
 21310 | Orc:2    | XOM: noise
 21320 | Orc:2    | XOM: confuse monster(s)
 21442 | Orc:2    | XOM: noise
 21499 | Orc:2    | Found Tivvot's General Store.
 21507 | Orc:2    | Bought a scroll of enchant armour for 97 gold pieces
 21507 | Orc:2    | Bought a scroll of brand weapon for 260 gold pieces
 21507 | Orc:2    | Bought a wand of iceblast (6) for 130 gold pieces
 21514 | Orc:2    | Found a bloodstained altar of Trog.
 21514 | Orc:2    | Noticed an orc warlord
 21526 | Orc:2    | Killed an orc warlord
 21629 | Orc:2    | XOM: god gift: 48 gold pieces
 21699 | Orc:2    | Found a staircase to the Elven Halls.
 22237 | D:12     | Noticed Snorg
 22245 | D:12     | Killed Snorg
 22286 | D:12     | XOM: blink monster(s)
 22491 | D:14     | XOM: smoke on damage
 22683 | D:14     | XOM: scenery: create altars
 22703 | D:14     | XOM: cast spell 'Summon Mana Viper'
 22722 | D:14     | XOM: divination: detect items
 22833 | D:14     | XOM: divination: detect items
 22835 | D:14     | Paralysed by an ogre mage for 7 turns
 22842 | D:14     | XOM: divination: magic mapping
 23104 | D:14     | XOM: cloud trail
 23146 | D:14     | Reached skill level 5 in Air Magic
 23149 | D:14     | XOM: god gift: potion of curing
 23240 | D:14     | XOM: butterfly on damage
 23434 | D:14     | Reached skill level 5 in Spellcasting
 23503 | D:15     | Entered Level 15 of the Dungeon
 23523 | D:15     | XOM: divine lightning
 23524 | D:15     | Reached skill level 18 in Axes
 23531 | D:15     | XOM: enchant monster (good)
 23819 | D:15     | XOM: divination: detect creatures
 23869 | D:15     | Noticed Agnes
 23871 | D:15     | Noticed Josephine
 23880 | D:15     | Killed Agnes
 23880 | D:15     | XOM: divine lightning
 23881 | D:15     | Killed Josephine
 23882 | D:15     | XOM: summons friendly iron imp
 23894 | D:15     | XOM: fake destruction
 23934 | D:14     | XOM: scenery: create altars
 23937 | D:14     | XOM: summons 15 friendly demons
 24022 | D:13     | XOM: give mutations
 24022 | D:13     | Gained mutation: You are somewhat resistant to further
                  | mutation. [Xom's grace]
 24022 | D:13     | Gained mutation: You have sharp fingernails. [Xom's grace]
 24022 | D:13     | Gained mutation: Your mind is acute. (Int +2) [Xom's grace]
 24022 | D:13     | Lost mutation: You are weak. (Str -2) [Xom's grace]
 24063 | D:15     | Reached XP level 16. HP: 152/152 MP: 21/21
 24087 | D:15     | Found a radiant altar of Vehumet.
 24285 | D:15     | Found a staircase to the Depths.
 24290 | D:15     | XOM: summons 12 friendly demons
 24291 | D:15     | XOM: summons friendly crimson imp
 24303 | D:15     | XOM: god gift: 31 gold pieces
 24605 | D:15     | Identified the ring "Rovvofo" {Fly rPois} (Xom gifted it to
                  | you on level 15 of the Dungeon)
 24605 | D:15     | XOM: god gift: ring "Rovvofo" {Fly rPois}
 24646 | D:14     | XOM: 1-stop teleportation journey
 24785 | Elf:1    | Entered Level 1 of the Elven Halls
 24795 | Elf:1    | XOM: cast spell 'Call Canine Familiar'
 24804 | Elf:1    | Got Sif Muna's Grimoire of Combed Thunderclap
 25094 | Elf:1    | XOM: confuse monster(s)
 25196 | Elf:1    | Reached skill level 5 in Hexes
 25218 | Elf:1    | Got the Compendium of Plaster Cramp
 25228 | Elf:1    | Got the Volume of Axaxaxas mlö
 25386 | Elf:1    | XOM: destruction
 25390 | Elf:1    | XOM: potion effect (invisibility)
 25432 | Elf:1    | XOM: divine lightning
 25767 | Elf:1    | Found a flickering gateway to a bazaar.
 25833 | Bazaar   | Entered a bazaar
 25856 | Bazaar   | Found Exkuiguplu's Distillery.
 25864 | Bazaar   | Bought a potion of invisibility for 56 gold pieces
 25864 | Bazaar   | Bought a potion of haste for 70 gold pieces
 25864 | Bazaar   | Bought a potion of curing for 21 gold pieces
 25864 | Bazaar   | Bought a potion of might for 28 gold pieces
 25864 | Bazaar   | Bought a potion of brilliance for 28 gold pieces
 25864 | Bazaar   | Bought a potion of flight for 21 gold pieces
 25875 | Bazaar   | Found Tiymug's Antique Weapon Emporium.
 25907 | Bazaar   | Found Erinosua's Assorted Antiques.
 25911 | Bazaar   | Bought a scroll of magic mapping for 73 gold pieces
 25911 | Bazaar   | Bought a potion of curing for 63 gold pieces
 25911 | Bazaar   | Bought a potion of haste for 210 gold pieces
 25911 | Bazaar   | Bought a potion of brilliance for 84 gold pieces
 25937 | Bazaar   | Found Erarulif's Antique Weapon Emporium.
 25973 | Elf:1    | XOM: swap monsters
 26084 | Elf:1    | XOM: scenery: 1 fountains blood, 2 doors close
 26161 | Elf:1    | XOM: cloud trail
 26381 | Elf:1    | XOM: divination: magic mapping
 26398 | Elf:1    | Got the Catalogue of Evil Arts
 26431 | Elf:1    | XOM: divination: detect creatures
 26620 | Elf:1    | XOM: scenery: 1 doors close
 26647 | Elf:2    | XOM: destruction
 26665 | Elf:2    | XOM: scenery: summon butterflies
 26672 | Elf:1    | Reached skill level 10 in Dodging
 26733 | Elf:2    | XOM: fake destruction
 26743 | Elf:2    | XOM: polymorph juvenile shockox beast -> deep troll
 26973 | Elf:2    | XOM: noise
 26975 | Elf:2    | XOM: noise
 26994 | Elf:2    | XOM: divination: magic mapping
 27025 | Elf:2    | XOM: silly message
 27140 | Elf:2    | XOM: divination: magic mapping
 27314 | Elf:2    | XOM: silly message
 27342 | Elf:2    | XOM: god gift: 24 stones
 27349 | Elf:2    | XOM: give mutations
 27349 | Elf:2    | Gained mutation: Your tail ends in a sharp venomous barb.
                  | [Xom's grace]
 27349 | Elf:2    | Gained mutation: You heal very quickly. [Xom's grace]
 27349 | Elf:2    | Gained mutation: Your flesh is very heat resistant. (rF++)
                  | [Xom's grace]
 27349 | Elf:2    | Gained mutation: Your flesh is almost immune to the effects
                  | of heat. (rF+++) [Xom's grace]
 27358 | Elf:2    | XOM: 2-stop teleportation journey
 27364 | Elf:2    | XOM: confuse monster(s)
 27380 | Elf:2    | XOM: scenery: create altars
 27408 | Elf:2    | Noticed a deep elf blademaster
 27425 | Elf:2    | Killed a deep elf blademaster
 27492 | Elf:2    | XOM: scenery: create altars
 27575 | Elf:2    | Reached XP level 17. HP: 59/161 MP: 4/24
 27578 | Elf:2    | HP: 4/161 [+7 vampiric lajatang (37)]
 27578 | Elf:2    | Annihilated by a +7 vampiric lajatang

Illustrated notes

Levels and vault maps discovered:
D:1:      erik_arrival_orb_chamber, layout_basic, shapermc_ecumenical_altar_venn
D:2:      layout_basic, uniq_sigmund
D:3:      layout_rooms, lemuel_doored_altar, portal_sewer_entry_b, uniq_natasha,
          uniq_grinder
D:4:      cheibrodos_thug_alley, layout_rooms, mainiacjoe_overflow_alcove_1,
          mainiacjoe_overflow_tiny_flanked, minmay_temple_entry_mini_moons,
          kennysheep_generic_room_4
D:5:      layout_gridville
D:6:      layout_layer_cave, uniq_blork_the_orc
D:7:      nicolae_cairo_tiling_large_dashed, layout_rooms
D:8:      layout_gridville, tgw_trog, grunt_temple_overflow_open,
          lair_entry_dummy
D:9:      lemuel_flame_loot_2, layout_basic,
          mainiacjoe_overflow_surrounded_room, uniq_erolcha
D:10:     layout_roguey, serial_shops, shop
D:11:     layout_long_grid, elyvilon_altar_4, uniq_harold
D:12:     layout_irregular_city, hiddenorc2_lemuel, uniq_snorg
D:13:     layout_basic, david_vaults_4, gauntlet_entry_generic, uniq_azrael,
          uniq_urug, uniq_rupert
D:14:     layout_basic, hangedman_decor_push
D:15:     gammafunk_depths_entry_grave, layout_small_grid, fiery_altar_vehumet,
          drop_trap, roderic_serpentine_path, st_stairs_4, uniq_josephine,
          uniq_agnes
Temple:   regret_index_temple_waves
Lair:1:   layout_gridlike, columned_hall_lemuel, beast_lair_carwin_3,
          infiniplex_staircase_pool
Lair:2:   cheibrodos_lair_overgrown_chateau, layout_regular_city,
          shoals_dummy_entry, bobbens_dragon_lair_wall
Lair:3:   layout_misc_corridors, spider_nest_entry_funnel_web, lemuel_fruit_tree
Lair:4:   layout_long_grid, chequers_serial_rivers_micro_d
Lair:5:   layout_misc_corridors, minivault_26, grunt_megastairs_1,
          infiniplex_staircase_pool_2
Lair:6:   hangedman_lair_caniforms_friends, layout_long_grid, wormcave,
          minmay_slime_entry_pillars
Orc:1:    layout_caves
Orc:2:    grunt_orc_gardens, layout_caves, grunt_orc_garden, grunt_orc_garden,
          grunt_orc_garden, grunt_orc_garden, hangedman_feature_mirror
Elf:1:    minmay_elf_arrival_plus, layout_onion_city, serial_shops,
          bzr_entry_gold, minmay_elf_necromancy, st_stairs_12, minivault_16,
          bh_hangedman_babel_library
Elf:2:    elven_hall_of_blades_hangedman_original [mumra_blade_entry_dagger],
          layout_loops_cross, roderic_roman_lattice

Skill      XL: |  1  2  3  4  5  6  7  8  9 10 11 12 13 14 15 16 |
---------------+-------------------------------------------------+-----
Fighting       | 4 5 6 7 9 11 13 14 15 16 17 | 17.0
Axes           | 4 5 6 7 9 11 13 15 16 17 18 | 18.9
Dodging        | 3 4 5 7 8 9 10 | 10.1
Stealth        | 1 2 3 4 5 |  5.2
Bows           | 4 7 10 11 | 11.9
Evocations     | 3 5 7 8 |  8.4
Hexes          | 3 4 6 |  6.3
Spellcasting   | 3 5 6 |  6.5
Air Magic      | 3 5 7 |  7.1
Long Blades    | 1 |  1.0
Short Blades   | |  0.2

Action                   |  1- 3 |  4- 6 |  7- 9 | 10-12 | 13-15 | 16-18 || total
-------------------------+-------+-------+-------+-------+-------+-------++-------
Melee: Hand axe          |    96 |   115 |    21 |       |       |       ||   232
       Tailslap          |     8 |    18 |    18 |    35 |    62 |    53 ||   194
       Executioner's axe |       |       |   183 |   280 |   415 |   252 ||  1130
       Kick              |       |       |    41 |    80 |   148 |    83 ||   352
       Rapier            |       |       |       |     3 |       |       ||     3
       Scimitar          |       |       |       |       |    21 |       ||    21
 Fire: Shortbow          |       |       |       |    55 |   371 |       ||   426
       Longbow           |       |       |       |       |   744 |    60 ||   804
Throw: Throwing net      |       |       |       |     1 |       |     1 ||     2
 Cast: Silence           |       |       |       |       |       |    12 ||    12
 Abil: Breathe Frost     |       |       |       |     6 |     8 |       ||    14
       Evoke Invisibilit |       |       |       |       |     1 |       ||     1
Evoke: Wand              |       |       |       |    12 |    16 |    14 ||    42
       Box of beasts     |       |       |       |     1 |     2 |     1 ||     4
       Condenser vane    |       |       |       |     1 |     1 |     1 ||     3
       Phantom mirror    |       |       |       |     1 |       |       ||     1
       Lightning rod     |       |       |       |       |     3 |       ||     3
  Use: Scroll            |       |     4 |     1 |    23 |     8 |     2 ||    38
       Potion            |       |     2 |       |     6 |     5 |     7 ||    20
 Stab: Sleeping          |     2 |     2 |     3 |     4 |     4 |     1 ||    16
       Petrified         |       |     5 |       |       |     3 |       ||     8
       Paralysed         |       |     1 |       |     1 |     3 |     1 ||     6
       Distracted        |       |       |       |     1 |     1 |       ||     2
       Held in net/web   |       |       |       |     1 |       |       ||     1
       Invisible         |       |       |       |       |     3 |    16 ||    19
       Confused          |       |       |       |       |     2 |     3 ||     5
Armor: Skin              |    35 |    66 |   112 |   207 |   436 |    78 ||   934
Dodge: Dodged            |    67 |    82 |   209 |   471 |  1606 |   251 ||  2686

Table legend: (Time is in decaauts)
 A = Elapsed time spent in this place.
 B = Non-inter-level travel time spent in this place.
 C = Inter-level travel time spent in this place.
 D = Time resting spent in this place.
 E = Time spent auto-exploring this place.
 F = Levels seen in this place.
 G = Mean time per level.
                   A        B        C        D        E       F      G
               +--------+--------+--------+--------+--------+-----+--------+
         Total |  28029 |  26749 |   1280 |   4475 |  14485 |  28 | 1001.0 |
       Dungeon |  15641 |  14816 |    825 |   2963 |   8061 |  15 | 1042.7 |
        Temple |    178 |    123 |     55 |     46 |     58 |   1 |  178.0 |
          Lair |   6901 |   6667 |    234 |    104 |   4605 |   6 | 1150.2 |
  Orcish Mines |   1706 |   1569 |    137 |    221 |    871 |   2 |  853.0 |
   Elven Halls |   2669 |   2643 |     26 |    942 |    515 |   2 | 1334.5 |
        Bazaar |    139 |    139 |      0 |      0 |     88 |   1 |  139.0 |
      Gauntlet |    792 |    792 |      0 |    199 |    286 |   1 |  792.0 |
               +--------+--------+--------+--------+--------+-----+--------+

Top non-repeatable levels by time:
  Lair:6: 2054 daAuts
  Lair:2: 1974 daAuts
    D:13: 1839 daAuts
   Elf:1: 1803 daAuts
     D:2: 1588 daAuts
     D:6: 1283 daAuts
     D:9: 1232 daAuts
    D:11: 1126 daAuts
    D:10: 1085 daAuts
   Orc:2: 1045 daAuts
  Lair:4: 1032 daAuts
    D:15: 1003 daAuts
    D:14: 999 daAuts
    D:12: 992 daAuts
  Lair:1: 960 daAuts
